 Dungeon Crawl Stone Soup version 0.26.1-2-gb8aa6d0cf2 (webtiles) character file.

Game seed: 1304682376604714881

3048 bomjman the Fighter (level 9, 66/66 HPs)
             Began as a Gargoyle Conjurer on Feb 12, 2021.
             Was a Believer of Makhleb.
             Quit the game on level 7 of the Dungeon.
             The game lasted 00:18:29 (8809 turns).

bomjman the Fighter (Gargoyle Conjurer)             Turns: 8809, Time: 00:18:29

Health: 66/66      AC: 16    Str: 11    XL:     9   Next: 87%
Magic:  6/15       EV: 10    Int: 22    God:    Makhleb [**....]
Gold:   369        SH:  0    Dex:  8    Spells: 13/16 levels left

rFire    . . .     SeeInvis .   l - +4 quarterstaff (chaos)
rCold    + . .     Faith    .   (shield currently unavailable)
rNeg     + . .     Spirit   .   g - +3 ring mail of the Pink Corner {rC+}
rPois    ∞         Reflect  .   (no helmet)
rElec    +         Harm     .   j - +1 cloak (curse)
rCorr    .         Rampage  .   (no gloves)
Will     .....                  (no boots)
Stlth    +++.......             e - amulet of regeneration
HPRegen  0.61/turn              o - ring of stealth
MPRegen  0.14/turn              (no ring)

@: no status effects
A: negative energy resistance 1, electricity resistance, unbreathing,
petrification resistance, miasma immunity, AC +6
a: Renounce Religion, Minor Destruction


You were on level 7 of the Dungeon.
You worshipped Makhleb.
Makhleb was pleased with you.
You visited 1 branch of the dungeon, and saw 7 of its levels.

You collected 369 gold pieces.

Inventory:

Hand Weapons
 b - a +0 flail
 l - a +4 quarterstaff of chaos (weapon)
 s - a +4 falchion
Missiles
 k - 198 stones
Armour
 a - a +2 robe of fire resistance
 g - the +3 ring mail of the Pink Corner (worn) {rC+}
   (You found it on level 6 of the Dungeon)

   It protects you from cold.
 j - a cursed +1 cloak (worn)
Jewellery
 e - an amulet of regeneration (around neck)
 o - a ring of stealth (left hand)
 p - an uncursed amulet of magic regeneration
Scrolls
 m - 3 scrolls of fear {unknown}
 r - 2 scrolls of identify
 t - 2 scrolls of teleportation
 x - 5 scrolls of remove curse
 z - 2 scrolls of blinking
Potions
 c - a potion of ambrosia
 d - a potion of might
 f - a potion of attraction {unknown}
 h - 2 potions of curing
 i - a potion of cancellation {unknown}
 n - a potion of flight
 q - a potion of mutation {unknown}
 w - 5 potions of heal wounds


   Skills:
 + Level 12.4 Fighting
 - Level 1.5 Dodging
 - Level 6.0 Stealth
 - Level 4.0 Spellcasting
 - Level 5.0 Conjurations


You had 13 spell levels left.
You knew the following spells:

 Your Spells              Type           Power        Failure   Level
a - Apportation           Tloc           8%           26%         1
b - Searing Ray           Conj           52%          5%          2

Your spell library contained the following spells:

 Spells                   Type           Power        Failure   Level
 Magic Dart               Conj           100%         3%          1
 Animate Skeleton         Necr           8%           26%         1
 Dazzling Flash           Conj/Hex       30%          28%         3
 Portal Projectile        Hex/Tloc       8%           63%         3
 Fulminant Prism          Conj/Hex       7%           67%         4
 Iskenderun's Mystic Bla  Conj/Tloc      15%          67%         4
 Dispersal                Tloc           2%           100%        6
 Statue Form              Tmut/Erth      Unusable     N/A         6

Dungeon Overview and Level Annotations

Branches:
Dungeon (7/15)             Temple (0/1) D:6

Altars:
Ashenzari
Kikubaaqudgha
Makhleb
Sif Muna
Uskayaw
Wu Jian
Yredelemnul
The Shining One

Annotations:
D:4 2 transporters


Innate Abilities, Weirdness & Mutations

You are resistant to torment.
Your stone body is resilient. (AC +6)
You are immune to poison.
You resist negative energy. (rN+)
You are resistant to electric shocks. (rElec)
You can survive without breathing.
You are immune to petrification.
You are immune to miasma.


Message History

The orc warrior is severely wounded.
The searing ray hits the orc warrior.
The orc warrior is almost dead.
You finish channeling your searing ray.
Casting: Searing Ray (safe; 5% risk of failure)
Confirm with . or Enter, or press ? or * to list all spells.
Aiming: Searing Ray (safe; 5% risk of failure)
Press: ? - help, Shift-Dir - straight line, p - orc warrior The searing ray hits the orc warrior!
You kill the orc warrior!
Makhleb accepts your kill.
The searing ray hits something!
Makhleb accepts your kill.
Reactivating autopickup.
You feel a bit more experienced. (Press . to maintain the ray.)
You finish channeling your searing ray.
Unknown command.
Okay, then.
Are you sure you want to abandon this character and quit the game? (Confirm with "yes".)

### #.. #.# ..##.# #.##.#
#### ## #.##.# ..! ###.#
#.#... ##)##..!.# #...#.
#.#)@(...# ##.#...
####.).>...######...#.#
#>.....................
#.#.##..####.##.###...#..
#............##.####.##.(
###.#.#.#######...†......
# #.#.### #.####.....
#.#...# #.# #..###
#.###.# ##.####..# #


There were no monsters in sight!

Vanquished Creatures
  Pikel (D:6)
  A sky beast (D:5)
  3 orc warriors
  A phantom (D:5)
  4 centaurs (D:5)
  3 ogres
  2 lemures (D:6)
  3 bullfrogs (D:6)
  A water moccasin zombie (D:7)
  4 killer bees (D:5)
  2 howler monkeys
  A centaur skeleton (D:4)
  4 orc priests (D:7)
  Crazy Yiuf (D:2)
  4 hounds
  9 orc wizards
  An iguana (D:7)
  A bullfrog skeleton (D:7)
  A worker ant (D:5)
  A killer bee zombie (D:7)
  A hound zombie (D:7)
  5 hound skeletons
  A worker ant zombie (D:6)
  4 gnolls (D:6)
  A howler monkey skeleton (D:4)
  13 adders
  2 shadow imps
  4 white imps
  An ooze (D:2)
  2 ufetubi
  3 dart slugs
  4 leopard geckos
  20 orcs
  5 bats
  6 giant cockroaches
  6 goblins
  12 hobgoblins
  2 jackals (D:2)
  9 kobolds
  2 ball pythons
  11 frilled lizards
  A quokka skeleton (D:4)
  4 rats
167 creatures vanquished.

Vanquished Creatures (others)
  2 fungi (D:2)
2 creatures vanquished.

Grand Total: 169 creatures vanquished

Notes
Turn   | Place    | Note
-------+----------+-------------------------------------------
     0 | D:1      | bomjman the Gargoyle Conjurer began the quest for the Orb.
     0 | D:1      | Reached XP level 1. HP: 10/10 MP: 3/3
   383 | D:1      | Reached XP level 2. HP: 15/15 MP: 1/5
   389 | D:1      | Learned a level 2 spell: Searing Ray
  1060 | D:1      | You fall into a shaft and drop 1 floor!
  1224 | D:2      | Reached XP level 3. HP: 12/19 MP: 2/7
  2224 | D:2      | Reached XP level 4. HP: 24/24 MP: 6/10
  2396 | D:2      | Reached skill level 1 in Fighting
  2594 | D:2      | Found an ornate altar of the Wu Jian Council.
  2594 | D:2      | Found a glowing golden altar of the Shining One.
  2656 | D:2      | Found a runed translucent door.
  2657 | D:2      | Noticed Crazy Yiuf
  2665 | D:2      | Killed Crazy Yiuf
  2666 | D:2      | Reached skill level 2 in Fighting
  2666 | D:2      | Reached XP level 5. HP: 7/31 MP: 2/11
  3274 | D:3      | Reached skill level 3 in Fighting
  3485 | D:3      | Found a broken altar of Ashenzari.
  3487 | D:3      | Found an ancient bone altar of Kikubaaqudgha.
  3488 | D:3      | Found a hide-covered altar of Uskayaw.
  3511 | D:3      | Found a faded altar of an unknown god.
  4241 | D:4      | Reached skill level 4 in Fighting
  4396 | D:4      | Reached XP level 6. HP: 39/39 MP: 7/12
  4430 | D:4      | Found a transporter.
  4442 | D:4      | Noticed a fire bat
  4444 | D:4      | Noticed a fire bat
  4602 | D:4      | Found a burning altar of Makhleb.
  4610 | D:4      | Became a worshipper of Makhleb the Destroyer
  4725 | D:4      | Reached skill level 5 in Fighting
  4791 | D:4      | Found a transporter.
  4948 | D:5      | Entered Level 5 of the Dungeon
  4952 | D:5      | Reached skill level 5 in Conjurations
  5137 | D:5      | Noticed a phantom
  5145 | D:5      | Killed a phantom
  5146 | D:5      | Reached XP level 7. HP: 36/44 MP: 6/13
  5204 | D:5      | Reached skill level 5 in Stealth
  5470 | D:5      | Identified the Grimoire of the Mountains and Translocation
  5887 | D:5      | Reached skill level 6 in Fighting
  5889 | D:5      | Reached XP level 8. HP: 50/51 MP: 8/14
  5890 | D:5      | Reached * piety under Makhleb
  6118 | D:5      | Reached skill level 7 in Fighting
  6265 | D:5      | Reached skill level 8 in Fighting
  6784 | D:6      | Reached skill level 9 in Fighting
  6856 | D:6      | Found a basalt altar of Yredelemnul.
  6941 | D:6      | Reached XP level 9. HP: 62/62 MP: 6/15
  7041 | D:6      | Reached skill level 10 in Fighting
  7155 | D:6      | Found a shimmering blue altar of Sif Muna.
  7460 | D:6      | Noticed Pikel
  7477 | D:6      | Killed Pikel
  7478 | D:6      | Reached skill level 11 in Fighting
  7596 | D:6      | Got a dazzling ring mail
  7597 | D:6      | Identified the +3 ring mail of the Pink Corner {rC+} (You
                  | found it on level 6 of the Dungeon)
  7663 | D:6      | Learned a level 1 spell: Apportation
  7796 | D:6      | Identified Sif Muna's Tome of Evil
  7848 | D:6      | Found a staircase to the Ecumenical Temple.
  8178 | D:7      | Reached ** piety under Makhleb
  8456 | D:7      | Reached skill level 12 in Fighting
  8809 | D:7      | Quit the game

Illustrated notes

Levels and vault maps discovered:
D:1:      dpeg_arrival_tiny_c, layout_basic, grunt_decor_arrowhead
D:2:      layout_loops_ring, gammafunk_temple_overflow_statue,
          grunt_ministairs_4, uniq_crazy_yiuf_cottage
D:3:      layout_basic, chequers_temple_overflow_statue_of_worship,
          chequers_ecumenical_altar_simple
D:4:      gammafunk_cloud_chamber, layout_loops_ring, overflow_temple_1_default
D:5:      layout_loops_corners, grunt_ministairs_2, dk_noncrumbling_4,
          chequers_serial_rivers_marsh
D:6:      layout_basic, yredelemnul_altar_generic, temple_hall_moat,
          led_sif_book, uniq_pikel
D:7:      layout_loops_ring

Skill      XL: |  1  2  3  4  5  6  7  8  9 |
---------------+----------------------------+-----
Spellcasting   | 3 4 |  4.0
Fighting       | 2 4 5 6 9 12 | 12.4
Conjurations   | 5 |  5.0
Stealth        | 4 6 |  6.0
Dodging        | |  1.5

Action                   |  1- 3 |  4- 6 |  7- 9 || total
-------------------------+-------+-------+-------++-------
Melee: Unarmed           |     9 |       |       ||     9
       Short sword       |     8 |       |       ||     8
       Quarterstaff      |       |       |    11 ||    11
 Cast: Magic Dart        |    34 |    42 |    27 ||   103
       Searing Ray       |    19 |    34 |    64 ||   117
       Apportation       |       |       |     8 ||     8
  Use: Scroll            |       |     4 |    10 ||    14
 Stab: Sleeping          |       |       |     1 ||     1
Armor: Robe              |     2 |       |       ||     2
       Leather armour    |     3 |     8 |    12 ||    23
       Ring mail         |       |       |    15 ||    15
Dodge: Dodged            |    10 |     8 |    35 ||    53
